Map: [ESL] Alcyone

Players

Nice

  • Race: Protoss Protoss
  • Spawn Location: 1:00

Serral - Winner!

  • Race: Zerg Zerg
  • Spawn Location: 7:00

Event: ESL Spring 2024 Finals

VOD

Have the link to the VOD?

Description

Time

  • Played on: May 31, 2024, 3:40 p.m.
  • Length: 14:32

All games in this series

Show
View Real Time Build Order
Export as new Build Order

Nice Protoss 

Build Orders: Nexus First, Oracle Opening 

Get SALT Encoding   

  12  0:00  Probe  
  13  0:12  Probe  
  14  0:20  Pylon  
  14  0:24  Probe (Chrono Boost)  
  15  0:38  Probe (Chrono Boost)  
  16  0:45  Probe  
  17  0:57  Probe  
  18  1:04  Nexus  
  18  1:10  Gateway  
  18  1:15  Assimilator  
  18  1:18  Probe  
  18  1:24  Assimilator  
  19  1:30  Probe  
  20  1:35  Gateway  
  20  1:42  Probe  
  20  1:45  Pylon  
  21  1:55  Probe  
  21  2:00  Cybernetics Core  
  22  2:04  Zealot  
  22  2:08  Probe (Chrono Boost)  
  25  2:18  Probe (Chrono Boost)  
  25  2:20  Probe (Chrono Boost)  
  27  2:27  Probe (Chrono Boost)  
  27  2:28  Probe (Chrono Boost)  
  29  2:35  Probe (Chrono Boost)  
  31  2:38  Probe (Chrono Boost)  
  31  2:39  Stargate  
  31  2:40  Probe (Chrono Boost)  
  31  2:44  Warp Gate, Probe (Chrono Boost)  
  33  2:48  Probe  
  34  2:56  Probe  
  34  2:57  Adept  
  34  2:58  Adept  
  39  3:00  Probe  
  40  3:06  Pylon  
  40  3:08  Probe  
  41  3:13  Probe  
  42  3:20  Probe  
  42  3:25  Probe  
  48  3:27  Void Ray (Chrono Boost)  
  48  3:32  Probe  
  48  3:35  Pylon  
  48  3:43  Nexus  
  48  3:48  Probe x2  
  50  3:55  Oracle (Chrono Boost)  
  49  4:03  Probe x2  
  49  4:08  Assimilator  
  49  4:09  Assimilator  
  51  4:11  Gateway  
  51  4:15  Probe x2  
  53  4:19  Pylon  
  53  4:27  Probe x2  
  53  4:29  Void Ray (Chrono Boost)  
  59  4:34  Shield Battery  
  59  4:36  Pylon  
  59  4:38  Stalker  
  61  4:39  Probe  
  61  4:43  Probe  
  63  4:48  Pylon  
  63  4:52  Pylon  
  63  4:56  Probe x2  
  63  4:57  Robotics Facility  
  63  4:59  Robotics Facility  
  65  5:08  Forge, Probe (Chrono Boost)  
  65  5:09  Probe (Chrono Boost)  
  68  5:15  Probe (Chrono Boost)  
  68  5:18  Shield Battery, Probe x2 (Chrono Boost)  
  71  5:22  Probe (Chrono Boost)  
  71  5:23  Probe x2 (Chrono Boost)  
  71  5:27  Twilight Council  
  73  5:33  Probe  
  73  5:34  Pylon  
  73  5:35  Probe  
  75  5:39  Nexus  
  75  5:42  Sentry x2  
  77  5:43  Sentry  
  77  5:45  Probe x2  
  77  5:46  Observer x2  
  77  5:48  Protoss Ground Weapons Level 1  
  85  5:52  Probe  
  86  5:58  Gateway  
  86  6:00  Assimilator, Gateway  
  86  6:08  Assimilator  
  90  6:15  Immortal (Chrono Boost)  
  90  6:16  Shield Battery, Immortal (Chrono Boost)  
  90  6:17  Probe x2  
  96  6:20  Probe  
  96  6:29  Probe x2  
  96  6:30  Charge  
  98  6:34  Observer  
  98  6:38  Gateway, Robotics Bay  
  98  6:42  Gateway  
  98  6:45  Zealot x3  
  102  6:47  Photon Cannon  
  102  6:48  Probe x2  
  102  6:49  Probe, Pylon  
  102  6:53  Immortal (Chrono Boost)  
  105  6:57  Probe  
  114  7:09  Probe  
  114  7:11  Probe x3  
  114  7:12  Photon Cannon  
  118  7:16  Templar Archives  
  118  7:21  Probe  
  118  7:22  Shield Battery, Photon Cannon  
  119  7:23  Phoenix (Chrono Boost)  
  119  7:25  Stalker x3  
  123  7:30  Photon Cannon  
  123  7:33  Stalker x2  
  127  7:38  Photon Cannon  
  127  7:41  Assimilator, Phoenix (Chrono Boost)  
  129  7:48  Photon Cannon  
  129  7:50  Pylon  
  129  7:52  Pylon  
  129  7:57  Stalker x2  
  129  7:58  Phoenix (Chrono Boost)  
  129  8:14  Colossus x2 (Chrono Boost)  
  141  8:20  High Templar x2  
  141  8:22  Phoenix, Probe x4  
  141  8:26  Archon  
  148  8:28  Protoss Ground Weapons Level 2  
  149  8:34  Probe x4  
  149  8:36  Pylon  
  149  8:37  Assimilator  
  149  8:40  Pylon  
  152  8:46  Probe x4  
  156  8:49  Extended Thermal Lance (Chrono Boost)  
  156  8:51  Fleet Beacon  
  156  8:53  Psionic Storm  
  156  9:10  Stargate  
  156  9:12  Pylon  
  155  9:22  Blink (Chrono Boost)  
  159  9:25  Void Ray (Chrono Boost)  
  159  9:26  Protoss Air Weapons Level 1  
  159  9:34  Shield Battery  
  159  9:36  Photon Cannon  
  159  9:37  Shield Battery, High Templar, Photon Cannon  
  159  9:38  High Templar, Photon Cannon  
  163  9:39  Shield Battery  
  163  9:41  Pylon  
  157  9:46  Archon  
  108  10:01  Zealot x5  
  100  10:11  Probe x2  
  100  10:12  Probe x2  
  102  10:15  Observer, High Templar x2  
  106  10:21  High Templar x3  
  106  10:24  Probe x2 (Chrono Boost)  
  106  10:27  Probe (Chrono Boost), Photon Cannon  
  106  10:28  Shield Battery, Probe (Chrono Boost)  
  116  10:30  Pylon  
  116  10:35  Probe x2 (Chrono Boost)  
  118  10:39  Probe x2 (Chrono Boost)  
  118  10:40  Probe (Chrono Boost)  
  118  10:41  High Templar x2, Probe (Chrono Boost)  
  125  10:45  Archon  
  125  10:49  Probe (Chrono Boost)  
  126  10:50  Probe (Chrono Boost)  
  126  10:51  Zealot  
  134  10:58  Zealot  
  134  11:03  Shield Battery, Mothership (Chrono Boost)  
  137  11:05  Zealot x3, Pylon  
  137  11:06  Probe x2 (Chrono Boost)  
  139  11:13  Zealot  
  139  11:16  Probe  
  139  11:17  Probe x2  
  139  11:18  Zealot x2  
  129  11:32  High Templar x4  
  138  11:34  Probe x3 (Chrono Boost)  
  138  11:36  Archon x2  
  138  11:40  Protoss Shields Level 1  
  141  11:47  Probe x3 (Chrono Boost)  
  141  11:52  High Templar x2  
  148  11:56  Archon  
  148  11:58  Probe (Chrono Boost)  
  148  11:59  Probe x2 (Chrono Boost), Photon Cannon  
  148  12:01  Shield Battery, Pylon  
  149  12:03  High Templar, Probe (Chrono Boost)  
  149  12:04  High Templar  
  149  12:07  Probe x4 (Chrono Boost)  
  149  12:08  Archon  
  163  12:17  Probe x2  
  163  12:18  Probe x2  
  163  12:19  High Templar x2  
  163  12:22  Gateway  
  165  12:23  Archon  
  165  12:25  Pylon  
  165  12:26  Pylon  
  165  12:29  Nexus, Probe  
  166  12:33  Probe  
  166  12:34  Probe x2  
  166  12:35  Assimilator, High Templar x2  
  173  12:40  Archon  
  173  12:41  Tempest (Chrono Boost)  
  180  12:51  Tempest (Chrono Boost)  
  177  13:10  Stalker, Tempest (Chrono Boost)  
  177  13:11  Stalker x2  
  187  13:13  Photon Cannon  
  187  13:14  Photon Cannon  
  187  13:16  Tempest (Chrono Boost)  
  187  13:19  Pylon  
  184  13:36  Zealot x2, Probe x2  
  184  13:37  Zealot x3  
  184  13:39  Probe x2  
  177  13:46  Tempest  
  146  13:48  Probe  
  146  13:49  Probe  
  146  13:54  Archon  
  126  13:58  Stalker x2  
  126  13:59  Stalker x5  
  114  14:23  High Templar x2  
  114  14:24  Zealot x4, High Templar x2  
Show
View Real Time Build Order
Export as new Build Order

Serral Zerg - Winner!

Build Orders: Hatch First, Brood Lord Corruptor 

Get SALT Encoding   

  12  0:00  Drone  
  13  0:11  Overlord  
  13  0:17  Drone  
  14  0:29  Drone x2  
  16  0:47  Hatchery  
  16  0:49  Drone  
  16  0:53  Drone  
  16  0:56  Drone  
  18  1:08  Extractor  
  17  1:11  Spawning Pool  
  17  1:14  Drone  
  17  1:17  Drone  
  18  1:27  Drone  
  19  1:37  Drone  
  20  1:49  Drone  
  21  1:58  Queen x2  
  21  1:59  Zergling x2, Overlord  
  26  2:08  Metabolic Boost  
  26  2:09  Drone  
  26  2:10  Drone  
  28  2:20  Drone  
  28  2:21  Drone  
  30  2:29  Hatchery  
  29  2:33  Drone  
  29  2:34  Drone  
  31  2:41  Overlord  
  31  2:45  Queen  
  31  2:48  Drone  
  34  2:53  Drone x2  
  36  2:59  Queen  
  36  3:03  Overlord  
  38  3:08  Drone x3  
  38  3:10  Drone  
  42  3:14  Drone  
  43  3:21  Queen, Overlord  
  43  3:24  Drone  
  46  3:28  Drone  
  47  3:35  Overlord  
  47  3:39  Zergling x6  
  47  3:40  Queen  
  52  3:42  Zergling x2  
  52  3:43  Drone  
  52  3:46  Drone  
  53  3:57  Drone x5  
  53  4:01  Drone  
  57  4:04  Drone x2  
  57  4:09  Drone x2, Overlord  
  61  4:12  Drone  
  61  4:14  Drone  
  61  4:16  Drone  
  64  4:23  Drone  
  64  4:24  Drone  
  64  4:25  Spore Crawler  
  64  4:28  Overlord  
  64  4:31  Lair  
  64  4:34  Drone x3  
  64  4:36  Spore Crawler, Drone x2  
  68  4:39  Roach Warren  
  68  4:41  Zergling x2  
  68  4:43  Drone x2  
  70  4:45  Drone  
  70  4:46  Drone  
  70  4:47  Extractor  
  70  4:49  Drone x2  
  73  4:55  Drone  
  73  4:56  Drone x2  
  73  4:59  Extractor  
  74  5:02  Overlord  
  74  5:04  Hatchery, Drone x2  
  74  5:05  Drone  
  76  5:11  Drone x3, Extractor, Evolution Chamber  
  76  5:13  Zergling x2  
  78  5:14  Drone  
  78  5:19  Drone  
  78  5:20  Drone x2  
  82  5:23  Drone x3  
  82  5:24  Extractor  
  82  5:27  Drone x2, Overlord  
  86  5:31  Overlord  
  86  5:35  Drone x2, Spire  
  87  5:37  Overseer  
  87  5:38  Extractor  
  87  5:40  Queen  
  87  5:42  Spore Crawler  
  87  5:44  Drone x3  
  87  5:46  Overlord  
  87  5:49  Hatchery  
  90  5:50  Overlord  
  90  5:53  Hatchery, Roach  
  90  5:56  Glial Reconstitution  
  92  5:57  Zerg Missile Weapons Level 1  
  92  6:01  Roach x2  
  92  6:02  Roach  
  98  6:11  Roach x2  
  102  6:14  Overlord  
  102  6:16  Drone x2  
  104  6:19  Overlord  
  104  6:21  Drone x3  
  106  6:26  Hatchery  
  106  6:27  Drone x3  
  106  6:29  Overlord  
  107  6:41  Drone x3  
  107  6:44  Extractor  
  107  6:45  Zergling x10  
  107  6:46  Overseer, Extractor  
  113  6:50  Overlord  
  113  6:53  Mutalisk  
  113  6:54  Mutalisk x3  
  113  7:01  Mutalisk x5  
  121  7:07  Mutalisk  
  133  7:11  Overlord  
  133  7:16  Baneling Nest  
  133  7:17  Evolution Chamber  
  133  7:18  Zergling x4  
  133  7:19  Zergling x10, Infestation Pit  
  137  7:27  Roach  
  137  7:28  Roach x5  
  149  7:33  Drone x3  
  152  7:37  Drone x5  
  152  7:38  Drone  
  152  7:40  Overlord  
  158  7:44  Zerg Melee Weapons Level 1  
  158  7:47  Drone  
  158  7:48  Drone x4  
  163  7:51  Overlord  
  163  7:56  Zerg Missile Weapons Level 2  
  163  7:57  Hive  
  158  7:59  Zergling x2, Roach x3  
  165  8:08  Zergling x12  
  165  8:11  Drone x2  
  173  8:14  Overlord  
  173  8:16  Centrifugal Hooks  
  173  8:17  Zergling x2, Overlord  
  173  8:18  Zergling x10  
  173  8:30  Corruptor  
  173  8:31  Corruptor x2  
  173  8:33  Zergling x2  
  173  8:34  Zergling x22  
  187  8:37  Drone  
  187  8:38  Pneumatized Carapace  
  187  8:39  Overlord  
  188  8:45  Baneling  
  188  8:46  Baneling x23  
  188  8:48  Ravager x3  
  190  8:50  Drone  
  190  8:51  Drone x2, Extractor  
  190  8:52  Drone  
  190  8:55  Baneling x8  
  194  9:02  Baneling x6  
  194  9:05  Zergling x2  
  194  9:06  Zergling x8  
  199  9:14  Hatchery  
  198  9:17  Baneling x4  
  198  9:18  Baneling x7  
  198  9:23  Zergling x10  
  199  9:30  Baneling x9  
  199  9:33  Adrenal Glands  
  199  9:42  Greater Spire  
  199  9:44  Zergling x16  
  199  9:45  Zergling x22  
  193  9:46  Zergling x2  
  193  9:47  Zergling x20  
  193  9:54  Zergling x16  
  178  10:00  Zergling x14  
  178  10:07  Corruptor x6  
  180  10:11  Roach x2  
  180  10:14  Zerg Melee Weapons Level 2  
  181  10:16  Roach  
  181  10:17  Roach x3  
  181  10:20  Baneling x3  
  181  10:21  Baneling x2  
  182  10:26  Roach x5  
  192  10:32  Zergling x8, Roach x2  
  192  10:33  Overseer  
  200  10:38  Zerg Ground Armor Level 1  
  200  10:41  Baneling x5  
  200  11:02  Zergling x6  
  200  11:03  Zerg Flyer Weapons Level 1  
  193  11:11  Zergling x16  
  192  11:25  Corruptor x2  
  185  11:28  Spore Crawler, Extractor  
  185  11:30  Spine Crawler, Extractor  
  185  11:31  Spine Crawler  
  185  11:32  Spine Crawler  
  171  11:34  Brood Lord x6  
  171  11:36  Drone x5  
  171  11:37  Drone  
  189  11:43  Corruptor  
  189  11:44  Corruptor x2  
  189  11:45  Overseer  
  195  11:49  Spine Crawler  
  195  11:52  Overseer x2  
  194  11:54  Overlord x4  
  194  11:55  Spine Crawler  
  194  11:56  Spine Crawler x2  
  194  11:59  Spine Crawler  
  194  12:00  Overlord  
  194  12:01  Spine Crawler  
  189  12:05  Brood Lord x2  
  193  12:09  Hatchery, Corruptor x2  
  196  12:16  Burrow  
  196  12:17  Neural Parasite  
  196  12:33  Hydralisk Den  
  196  12:34  Infestor x2  
  199  12:41  Overseer  
  199  12:44  Spore Crawler x4  
  198  12:46  Spore Crawler x2  
  193  13:00  Baneling x6  
  193  13:01  Baneling x5  
  193  13:03  Corruptor x4  
  199  13:36  Overlord  
  199  13:39  Overlord  
  189  13:41  Overlord  
  189  13:46  Queen x2  
  177  13:49  Corruptor x2  
  177  13:53  Queen x2  
  172  14:02  Corruptor x4  
  158  14:03  Corruptor  
  158  14:04  Zergling x6  
  158  14:05  Zergling x22  
Tags
 
Add a new tag
Caveats
  • Supply blocks, unpowered buildings, or Contaminate may cause inaccurate times.
  • Supply counts are checked every 10 seconds.